 Dungeon Crawl Stone Soup version 0.30-b1-2-g02819fbbbe (webtiles) character file.

Game seed: 7651257020790993657

770 Metae the Trooper (level 7, -4/62 HPs)
             Began as a Minotaur Fighter on July 4, 2023.
             Killed by divine providence
             ... invoked by an orc priest
              (17 damage)
             ... on level 5 of the Dungeon.
             The game lasted 00:05:41 (4312 turns).

Metae the Trooper (Minotaur Fighter)                Turns: 4312, Time: 00:05:42

Health: -4/62      AC: 10    Str: 23    XL:     7   Next: 53%
Magic:  6/6        EV:  9    Int:  5    God:
Gold:   356        SH:  5    Dex:  9    Spells: 6/6 levels left

rFire   . . .        a - +0 flail
rCold   . . .        c - +0 buckler
rNeg    . . .        r - +0 chain mail
rPois   .            (helmet restricted)
rElec   .            (no cloak)
rCorr   .            (no gloves)
SInv    .            (no boots)
Will    .....        (no amulet) Stlth
                     (no ring)
HPRegen 0.30/turn    (no ring)
MPRegen 0.10/turn

%: no passive effects
@: no status effects
A: horns 2, retaliatory headbutt
a: no special abilities


You were on level 5 of the Dungeon.
You visited 1 branch of the dungeon, and saw 5 of its levels.

You collected 356 gold pieces.

Inventory:

Hand Weapons
 a - a +0 flail (weapon)
Missiles
 l - 2 poisoned darts (quivered)
Armour
 c - a +0 buckler (worn)
 r - a +0 chain mail (worn)
Jewellery
 v - an amulet of faith
Scrolls
 b - 3 scrolls of teleportation {unknown}
 e - 2 scrolls of fog {unknown}
 g - 2 scrolls of fear {unknown}
 h - 4 scrolls of identify {unknown}
 m - 3 scrolls of enchant armour {unknown}
 q - 2 scrolls of magic mapping {unknown}
 s - a scroll of acquirement {unknown}
 w - 2 scrolls of poison {unknown}
 x - a scroll of amnesia {unknown}
Potions
 d - 2 potions of might
 f - 3 potions of haste {unknown}
 i - 2 potions of lignification {unknown}
 j - 2 potions of mutation {unknown}
 k - 2 potions of brilliance {unknown}
 n - a potion of heal wounds {unknown}
 o - 2 potions of degeneration {unknown}
 p - 7 potions of curing {unknown}
 t - a potion of ambrosia {unknown}
 u - a potion of invisibility {unknown}
 z - a potion of cancellation {unknown}


   Skills:
 + Level 5.8 Fighting
 + Level 5.0 Maces & Flails
 + Level 5.7 Armour
 + Level 3.8 Dodging
 + Level 5.7 Shields


You had 6 spell levels left.
You didn't know any spells.
Your spell library contained the following spells:

 Spells                   Type           Power      Damage    Failure   Level
 Sting                    Tmut/Pois      0%         1d3       98%         1
 Blink                    Tloc           0%         N/A       99%         2
 Lesser Beckoning         Tloc           0%         N/A       99%         2
 Momentum Strike          Conj/Tloc      0%         3d8       99%         2
 Poisonous Vapours        Pois/Air       0%         N/A       99%         2
 Hailstorm                Conj/Ice       0%         3d3       100%        3
 Portal Projectile        Hex/Tloc       0%         N/A       100%        3
 Tukima's Dance           Hex            0%         N/A       100%        3
 Ice Form                 Ice/Tmut       0%         N/A       100%        4
 Olgreb's Toxic Radiance  Pois           0%         N/A       100%        4
 Blade Hands              Tmut           0%         N/A       100%        5
 Conjure Ball Lightning   Conj/Air       0%         3x3d6     100%        6
 Simulacrum               Ice/Necr       0%         N/A       100%        6
 Discord                  Hex            0%         N/A       100%        8
 Disjunction              Tloc           0%         N/A       100%        8


Dungeon Overview and Level Annotations

Branches:
Dungeon (5/15)
 Temple: D:4-7

Altars:
Wu Jian


Innate Abilities, Weirdness & Mutations

You have a pair of horns on your head.
You reflexively headbutt those who attack you in melee.


Message History

Something hits you but does no damage.
You hit something. Your headbutt misses something.
The orc priest begins to cast a cantrip, but forgets the words!
You hear some strange, mumbled words.
A puff of flame appears from out of thin air!
The puff of flame misses you.
You miss something. Your headbutt misses something.
The orc priest mumbles some strange prayers to Beogh against you.
Beogh smites you! Something hits you but does no damage.
You miss something. Your headbutt misses something. Something hits you.
You are too injured to fight recklessly!
You are too injured to fight recklessly!
You are too injured to fight recklessly!
You are too injured to fight recklessly!
You are too injured to fight recklessly!
You are too injured to fight recklessly!
You are too injured to fight recklessly!
You are too injured to fight recklessly!
You closely miss something.
You hear some strange, mumbled words.
A puff of flame appears from out of thin air!
The puff of flame hits you!
You completely miss something. Something hits you.
Something hits you but does no damage.
You miss something. You block something's attack.
You thump something!
Reactivating autopickup.
You feel a bit more experienced.
You hit the orc priest. Your headbutt misses the orc priest.
The orc priest is moderately wounded.
The orc priest hits you with a +0 flail. x2
You sock the orc priest! You headbutt the orc priest.
The orc priest is almost dead.
The orc priest hits you with a +0 flail!
* * * LOW HITPOINT WARNING * * *
You hit the orc priest.
The orc priest is almost dead.
The orc priest calls down the wrath of Beogh upon you.
Beogh smites you!
You die...

..############(############.#####
..# #.# #...... ..# #.# #######
..# #.# ..# #.# ..# #.# ..# #.#
..# #.########. ..# #..@ooJ....
..# ########### ###


You could see a jelly, an orc priest and an orc.

Vanquished Creatures
  Sigmund (D:3)
  A phantom (D:5)
  2 scorpions
  3 hounds
  A jelly (D:4)
  2 orc priests (D:4)
  2 iguanas (D:4)
  An orc wizard (D:5)
  4 gnolls (D:4)
  3 adders
  A shadow imp (D:4)
  A worm (D:4)
  2 dart slugs
  10 orcs
  5 ball pythons
  5 endoplasms
  A giant cockroach (D:1)
  8 goblins
  3 hobgoblins
  8 kobolds
  5 quokkas
  6 bats
  2 frilled lizards
  3 rats (D:1)
80 creatures vanquished.

Notes
Turn   | Place    | Note
-------+----------+-------------------------------------------
     0 | D:1      | Metae the Minotaur Fighter began the quest for the Orb.
     0 | D:1      | Reached XP level 1. HP: 19/19 MP: 0/0
   229 | D:1      | Reached XP level 2. HP: 27/27 MP: 1/1
  1050 | D:2      | Reached skill level 1 in Dodging
  1093 | D:2      | Reached XP level 3. HP: 29/33 MP: 2/2
  1851 | D:3      | Reached XP level 4. HP: 40/40 MP: 3/3
  2024 | D:3      | Found an ornate altar of the Wu Jian Council.
  2110 | D:3      | Noticed Sigmund
  2115 | D:3      | Killed Sigmund
  2116 | D:3      | Reached XP level 5. HP: 47/47 MP: 4/4
  2146 | D:3      | Reached XP level 6. HP: 52/55 MP: 5/5
  2450 | D:4      | Reached skill level 5 in Fighting
  2450 | D:4      | Reached skill level 5 in Armour
  2450 | D:4      | Reached skill level 5 in Shields
  3085 | D:4      | Reached XP level 7. HP: 58/61 MP: 6/6
  3426 | D:5      | Entered Level 5 of the Dungeon
  4181 | D:5      | Reached skill level 5 in Maces & Flails
  4312 | D:5      | Killed from afar by an orc priest

Illustrated notes

Levels and vault maps discovered:
D:1:      psy_arrival_spokes, layout_basic
D:2:      layout_basic
D:3:      cheibrodos_old_hovel, layout_rooms, mainiacjoe_overflow_24_doors,
          guppyfry_early_orc_mine, uniq_sigmund
D:4:      layout_loops_ring
D:5:      layout_basic

Skill      XL: |  1  2  3  4  5  6  7 |
---------------+----------------------+-----
Dodging        | 1 2 3 |  3.8
Fighting       | 4 5 |  5.8
Armour         | 4 5 |  5.7
Shields        | 4 5 |  5.7
Maces & Flails | 3 4 5 |  5.0

Action                     |  1- 3 |  4- 6 |  7- 9 || total
---------------------------+-------+-------+-------++-------
  Melee: Flail             |    66 |    96 |    55 ||   217
         Headbutt          |     6 |    13 |     4 ||    23
 Armour: Scale mail        |    38 |       |       ||    38
         Chain mail        |    10 |    31 |    30 ||    71
  Dodge: Dodged            |    33 |    39 |    22 ||    94
  Block: Buckler           |    17 |    17 |    11 ||    45
